 Dungeon Crawl Stone Soup version 0.29-a0-340-g6efceafd81 (webtiles) character file.

Game seed: 9390344884027208180

40046 siradein the Thaumaturge (level 13, 0/76 HPs)
             Began as a Deep Elf Earth Elementalist on Apr 20, 2022.
             Was a High Priest of Vehumet.
             Slain by a spriggan
             ... wielding a +0 rapier
              (6 damage)
             ... on level 6 of the Lair of Beasts.
             The game lasted 01:14:36 (19395 turns).

siradein the Thaumaturge (DEEE)                    Turns: 19395, Time: 01:14:37

Health: 0/76       AC: 17    Str:  5    XL:     13   Next: 72%
Magic:  33/33      EV: 17    Int: 26    God:    Vehumet [*****.]
Gold:   1089       SH:  3    Dex: 15    Spells: 31/41 levels left

rFire   + . .      SeeInvis +   Z - +3 rapier (flame)
rCold   . . .      Faith    .   F - +0 buckler
rNeg    . . .      Spirit   .   Y - +3 leather armour {rF+}
rPois   +          Reflect  .   Q - +2 hat
rElec   .          Harm     .   T - +0 cloak
rCorr   .          Rampage  .   v - +2 pair of gloves of Okeag {rPois Will+}
Will    ++...                   h - +0 pair of boots
Stlth   ++........              y - amulet of magic regeneration
HPRegen 0.22/turn               M - +4 ring of protection
MPRegen 0.63/turn               S - ring of see invisible

@: slowed, very slow
A: no striking features
a: Renounce Religion


You were on level 6 of the Lair of Beasts.
You worshipped Vehumet.
Vehumet was extremely pleased with you.
You visited 3 branches of the dungeon, and saw 18 of its levels.
You also visited: Gauntlet and Volcano.

You collected 1089 gold pieces.

Inventory:

Hand Weapons
 Z - a +3 rapier of flaming (weapon)
Missiles
 a - 384 stones
Armour
 h - a +0 pair of boots (worn)
 v - the +2 pair of gloves of Okeag (worn) {rPois Will+}
   (You found it on level 5 of the Lair of Beasts)

   rPois:     It protects you from poison.
   Will:      It increases your willpower.
 w - +0 fire dragon scales
 F - a +0 buckler (worn)
 Q - a +2 hat (worn)
 T - a +0 cloak (worn)
 Y - a +3 leather armour of fire resistance (worn)
Jewellery
 b - a ring of fire
 y - an amulet of magic regeneration (around neck)
 B - a ring of protection from cold
 M - a +4 ring of protection (left hand)
 R - a ring of protection from fire
 S - a ring of see invisible (right hand)
 V - a ring of willpower
Wands
 x - a wand of polymorph (11)
 A - a wand of acid (20)
 E - a wand of mindburst (28)
 K - a wand of paralysis (3)
 L - a wand of flame (13)
 X - a wand of iceblast (4)
Scrolls
 d - a scroll of summoning
 f - 3 scrolls of immolation
 k - 4 scrolls of amnesia
 l - 4 scrolls of magic mapping
 n - 2 scrolls of silence {unknown}
 o - 2 scrolls of acquirement {unknown}
 s - 3 scrolls of enchant armour {unknown}
 t - a scroll of vulnerability {unknown}
 C - 2 scrolls of teleportation {unknown}
 G - 2 scrolls of fear {unknown}
 J - 3 scrolls of blinking {unknown}
 O - a scroll of holy word
 U - 2 scrolls of brand weapon {unknown}
 W - a scroll of fog {unknown}
Potions
 c - 4 potions of magic
 e - 2 potions of resistance
 g - a potion of mutation {unknown}
 i - 6 potions of curing
 j - 3 potions of haste {unknown}
 m - 5 potions of cancellation {unknown}
 p - 2 potions of lignification {unknown}
 q - a potion of attraction {unknown}
 r - 3 potions of heal wounds {unknown}
 u - 3 potions of might {unknown}
 z - a potion of berserk rage
 H - 2 potions of degeneration {unknown}
 I - 2 potions of flight {unknown}
 N - a potion of invisibility {unknown}
 P - a potion of ambrosia {unknown}
Miscellaneous
 D - a phial of floods


   Skills:
 + Level 6.9 Fighting
 + Level 13.4 Dodging
 - Level 2.4 Stealth
 + Level 14.7 Spellcasting
 + Level 12.0 Conjurations
 - Level 1.1 Transmutations
 + Level 5.2 Fire Magic
 + Level 12.6 Earth Magic


You had 31 spell levels left.
You knew the following spells:

 Your Spells              Type           Power      Damage    Failure   Level
a - Sandblast             Erth           100%       2d20      1%          1
b - Stone Arrow           Conj/Erth      100%       3d13      1%          3
c - Passwall              Tmut/Erth      44%        N/A       1%          2
d - Flame Wave            Conj/Fire      59%        2d11      1%          4

Your spell library contained the following spells:

 Spells                   Type           Power      Damage    Failure   Level
 Hailstorm                Conj/Ice       50%        3d11      1%          4
 Poisonous Vapours        Pois/Air       38%        N/A       2%          2
 Petrify                  Tmut/Erth      53%        N/A       3%          4
 Corpse Rot               Necr/Air       38%        N/A       10%         2
 Confusing Touch          Hex            19%        N/A       19%         3
 Yara's Violent Unravell  Hex/Tmut       10%        3d6       34%         5
 Ice Form                 Ice/Tmut       21%        N/A       45%         4
 Simulacrum               Ice/Necr       9%         N/A       100%        6
 Enfeeble                 Hex            9%         N/A       100%        7


Dungeon Overview and Level Annotations

Branches:
Dungeon (11/15)            Temple (1/1) D:4            Lair (6/6) D:9
 Shoals (0/4) Lair:4       Spider (0/4) Lair:3      Volcano (visited)
Gauntlet (visited)
  Slime: Lair:5-6       Orc: D:9-12

Altars:
Ashenzari
Elyvilon
Fedhas
Gozag
Makhleb
Nemelex Xobeh
Okawaru
Ru
Sif Muna
Trog
Vehumet
Xom
Yredelemnul
Zin
Beogh

Portals:
Trove: D:11 (give 6 scrolls of fog)

Annotations:
D:10 3 runed translucent doors, SirDiesAlot's ghost, journeyman MiFi


Message History

The flame wave engulfs the blink frog.
The blink frog is severely wounded.
The flame wave engulfs the spriggan rider!
The spriggan rider is moderately wounded.
The flame wave engulfs the yak!
The yak is almost dead.
The blink frog hits you.
The blink frog blinks!
A hell rat comes into view.
The blink frog hits you. The torpor snail closely misses you.
The black bear bites you.
The black bear claws you but does no damage.
The black bear misses you.
The spriggan rider hits you from afar with a +0 spear!
* * * LOW HITPOINT WARNING * * *
A wave of flame ripples out!
The flame wave engulfs the black bear.
You kill the black bear!
Vehumet accepts your kill.
You feel your power returning.
The flame wave engulfs the torpor snail!
The torpor snail is heavily wounded.
The flame wave engulfs the blink frog!
You kill the blink frog!
Vehumet accepts your kill.
You feel your power returning.
The flame wave engulfs the spriggan rider!
The spriggan rider is moderately wounded.
The flame wave engulfs the spriggan rider!
The spriggan rider is moderately wounded.
The flame wave engulfs the spriggan!
The spriggan is heavily wounded.
The flame wave engulfs the eight-headed hydra!
The eight-headed hydra is lightly wounded.
The flame wave engulfs the yak!
You kill the yak!
Vehumet accepts your kill.
You hear a deafening roar! x2
You block the spriggan rider's attack. x2; The torpor snail bites you!
* * * LOW HITPOINT WARNING * * *
The spriggan hits you with a +0 rapier.
You die...

[ ### ... ..###
....##..^##
..$.....†.#
#.i@w#
#..†.D.rYr.#
....#ii.###Fr.#
......
...#...## ...
...... . .....
# ...... ......
...... .......
...... .......
......


You could see an eight-headed hydra, 2 spriggan riders, a torpor snail, a yak, a
blink frog, a spriggan and 3 hell rats.

Vanquished Creatures
  6 hydras
  A boulder beetle (Lair:6)
  3 two-headed ogres
  A tengu warrior (D:11)
  3 death yaks
  A deep troll (Lair:5)
  Pikel (D:7)
  3 lindwurms
  An ugly thing (D:9)
  2 manticores
  2 toenail golems (Volcano)
  A black mamba (Lair:5)
  4 cane toads
  2 molten gargoyles (Volcano)
  A gargoyle (D:10)
  2 rime drakes
  11 komodo dragons
  2 efreet (Volcano)
  A tengu conjurer (D:11)
  6 trolls
  The ghost of spaghetti the Ogre Mage, an amateur OgSu (D:4)
  2 meliai
  A hornet (D:9)
  A polar bear (Lair:3)
  4 slime creatures (D:11)
  Prince Ribbit (D:7)
  A wind drake (Lair:4)
  16 blink frogs
  A dream sheep (Lair:6)
  The ghost of spaghetti the Caller, an amateur OpEE (D:4)
  2 spriggans
  A shadow (D:8)
  5 wyverns
  4 fire elementals (Volcano)
  3 wraiths
  A basilisk (D:9)
  4 vampire mosquitoes (D:7)
  The ghost of sokol815 the Chopper, an amateur HuFi (D:4)
  4 steam dragons
  31 yaks
  2 acid dragons
  10 water moccasins
  The ghost of KryptKrawler the Sneak, an amateur SpEn (D:4)
  4 black bears
  4 orc warriors
  14 wolves
  A lemure (D:7)
  3 ogres
  2 centaurs
  4 phantoms
  A kobold brigand (D:9)
  9 bullfrogs
  A gnoll sergeant (D:9)
  3 necrophages
  3 scorpions
  2 earth elementals (Volcano)
  7 wights (D:7)
  The ghost of Antichthon the Chopper, a weakling NaWr (D:4)
  7 killer bees
  2 howler monkeys
  4 jellies
  A gnoll shaman (D:6)
  9 orc priests
  Jessica (D:3)
  2 iguanas (D:5)
  9 orc wizards
  5 hell rats
  11 gnolls
  5 adders
  2 shadow imps (D:7)
  An ufetubus (D:4)
  A worm (D:5)
  4 dart slugs
  25 orcs
  5 ball pythons
  2 bats
  2 endoplasms (D:1)
  4 giant cockroaches
  8 goblins
  5 hobgoblins
  4 jackals (D:3)
  4 quokkas
  4 frilled lizards
  9 kobolds
  7 rats
  4 fire vortices (Volcano)
358 creatures vanquished.

Vanquished Creatures (others)
  18 fungi
  22 plants
40 creatures vanquished.

Grand Total: 398 creatures vanquished

Notes
Turn   | Place    | Note
-------+----------+-------------------------------------------
     0 | D:1      | siradein the Deep Elf Earth Elementalist began the quest
                  | for the Orb.
     0 | D:1      | Reached XP level 1. HP: 10/10 MP: 6/6
   131 | D:1      | Reached XP level 2. HP: 15/15 MP: 5/8
   438 | D:1      | Reached XP level 3. HP: 19/19 MP: 6/10
   442 | D:1      | Learned a level 3 spell: Stone Arrow
   495 | D:1      | Found a faded altar of an unknown god.
   922 | D:2      | Found an iron altar of Okawaru.
  1439 | D:3      | Reached skill level 4 in Spellcasting
  1663 | D:3      | Reached XP level 4. HP: 24/24 MP: 9/12
  1714 | D:3      | Reached skill level 1 in Conjurations
  1986 | D:3      | Noticed Jessica
  1990 | D:3      | Killed Jessica
  2369 | D:4      | Noticed a necrophage
  2433 | D:4      | Reached XP level 5. HP: 28/28 MP: 9/13
  2793 | D:4      | Found a staircase to the Ecumenical Temple.
  2800 | Temple   | Entered the Ecumenical Temple
  2847 | Temple   | Became a worshipper of Vehumet
  2904 | D:4      | Noticed an ogre
  2949 | D:4      | Killed an ogre
  2950 | D:4      | Reached skill level 5 in Spellcasting
  2950 | D:4      | Reached XP level 6. HP: 32/32 MP: 8/15
  3273 | D:4      | Found a runed translucent gate.
  3273 | D:4      | Found a runed translucent gate.
  3273 | D:4      | Found a runed translucent gate.
  3275 | D:4      | Noticed Antichthon's ghost (weakling NaWr)
  3275 | D:4      | Noticed spaghetti's ghost (amateur OgSu)
  3277 | D:4      | Noticed KryptKrawler's ghost (amateur SpEn)
  3277 | D:4      | Noticed spaghetti's ghost (amateur OpEE)
  3278 | D:4      | Noticed sokol815's ghost (amateur HuFi)
  3940 | D:5      | Entered Level 5 of the Dungeon
  4096 | D:5      | Reached skill level 5 in Earth Magic
  4247 | D:5      | Reached skill level 5 in Dodging
  4312 | D:5      | Reached XP level 7. HP: 32/36 MP: 1/17
  4328 | D:5      | Reached skill level 6 in Spellcasting
  4405 | D:5      | Noticed a two-headed ogre
  4412 | D:5      | Killed a two-headed ogre
  4413 | D:5      | Reached skill level 7 in Spellcasting
  4413 | D:5      | Reached XP level 8. HP: 35/41 MP: 6/20
  4432 | D:5      | Reached skill level 5 in Conjurations
  4930 | D:6      | Reached skill level 8 in Spellcasting
  5030 | D:6      | Reached * piety under Vehumet
  5030 | D:6      | Offered knowledge of Magic Dart by Vehumet.
  5409 | D:6      | Reached XP level 9. HP: 45/45 MP: 17/23
  5412 | D:6      | Identified the +1 leather armour of the Transparent God
                  | {Will+ SInv}
  5867 | D:7      | Noticed Pikel
  5899 | D:7      | Killed Pikel
  5900 | D:7      | Reached skill level 9 in Spellcasting
  6629 | D:7      | Noticed Prince Ribbit
  6635 | D:7      | Killed Prince Ribbit
  6821 | D:7      | Reached skill level 10 in Spellcasting
  6821 | D:7      | Reached XP level 10. HP: 34/50 MP: 10/26
  6823 | D:7      | Reached ** piety under Vehumet
  6823 | D:7      | Offered knowledge of Static Discharge by Vehumet.
  7799 | D:8      | Learned a level 2 spell: Passwall
  8292 | D:9      | Found a broken altar of Ashenzari.
  8301 | D:9      | Reached skill level 1 in Fighting
  8460 | D:9      | Found a staircase to the Lair.
  8460 | D:9      | Noticed a death yak
  8498 | D:9      | Killed a death yak
  8499 | D:9      | Reached skill level 10 in Dodging
  8786 | D:9      | Paralysed by a hornet for 2 turns
  8791 | D:9      | Reached skill level 11 in Spellcasting
  8992 | D:9      | Offered knowledge of Searing Ray by Vehumet.
  9495 | D:9      | Reached XP level 11. HP: 59/59 MP: 24/28
  9563 | D:9      | Reached *** piety under Vehumet
  9564 | D:9      | Noticed a cyan ugly thing
  9568 | D:9      | Killed a cyan ugly thing
  9569 | D:9      | Reached skill level 10 in Earth Magic
  9788 | D:10     | Entered Level 10 of the Dungeon
 10068 | D:10     | Noticed a two-headed ogre
 10075 | D:10     | Killed a two-headed ogre
 10317 | D:10     | Found a runed translucent gate.
 10317 | D:10     | Noticed SirDiesAlot's ghost (journeyman MiFi)
 10318 | D:10     | Found a runed translucent gate.
 10318 | D:10     | Identified the +4 plate armour "Gysu" {Drain +Inv Int+4
                  | SInv}
 10319 | D:10     | Found a runed translucent gate.
 10323 | D:10     | Identified the +3 plate armour of Zetofea {Regen+ Stlth+}
 10587 | D:10     | Reached skill level 12 in Spellcasting
 10816 | D:11     | Noticed a two-headed ogre
 10823 | D:11     | Killed a two-headed ogre
 11137 | D:11     | Noticed a tengu warrior
 11141 | D:11     | Killed a tengu warrior
 11361 | D:11     | Offered knowledge of Fulminant Prism by Vehumet.
 11362 | D:11     | Reached skill level 10 in Conjurations
 11466 | D:11     | Found a portal to a secret trove of treasure.
 12036 | D:4      | Killed sokol815's ghost
 12039 | D:4      | Killed KryptKrawler's ghost
 12042 | D:4      | Killed spaghetti's ghost
 12045 | D:4      | Killed spaghetti's ghost
 12059 | D:4      | Killed Antichthon's ghost
 12357 | Lair:1   | Entered Level 1 of the Lair of Beasts
 12364 | Lair:1   | Reached XP level 12. HP: 67/67 MP: 22/30
 12649 | Lair:1   | Reached **** piety under Vehumet
 12720 | Lair:1   | Found a gate leading to a gauntlet.
 12729 | Gauntlet | Entered a Gauntlet
 12729 | Gauntlet | Found a transporter.
 12729 | Gauntlet | Found a transporter.
 12729 | Gauntlet | Found a transporter.
 12756 | Gauntlet | Found a transporter.
 12756 | Gauntlet | Found a transporter.
 12756 | Gauntlet | Found a transporter.
 12768 | Gauntlet | Found a transporter.
 12770 | Gauntlet | Found a transporter.
 12772 | Gauntlet | Found a large runed translucent door.
 12773 | Gauntlet | Found a large runed translucent door.
 12774 | Gauntlet | Found a large runed translucent door.
 12774 | Gauntlet | Found a large runed translucent door.
 12774 | Gauntlet | Found a runed translucent door.
 12775 | Gauntlet | Found a large runed translucent door.
 12776 | Gauntlet | Found a large runed translucent door.
 12777 | Gauntlet | Found a large runed translucent door.
 12777 | Gauntlet | Found a large runed translucent door.
 12778 | Gauntlet | Found a runed translucent gate.
 12780 | Gauntlet | Found a transporter.
 12871 | Gauntlet | Found the +7 mace of Variability {chain chaos}
 12886 | Gauntlet | Found a transporter.
 12888 | Gauntlet | Found a transporter.
 12888 | Gauntlet | Found a large runed translucent door.
 12889 | Gauntlet | Found a large runed translucent door.
 12890 | Gauntlet | Found a large runed translucent door.
 12890 | Gauntlet | Found a large runed translucent door.
 12890 | Gauntlet | Found a runed translucent door.
 12891 | Gauntlet | Found a large runed translucent door.
 12892 | Gauntlet | Found a large runed translucent door.
 12893 | Gauntlet | Found a large runed translucent door.
 12893 | Gauntlet | Found a large runed translucent door.
 12894 | Gauntlet | Found a runed translucent gate.
 12894 | Gauntlet | Found a runed translucent gate.
 12896 | Gauntlet | Found a transporter.
 12903 | Gauntlet | Noticed an azure jelly
 12903 | Gauntlet | an iron troll changed into an azure jelly
 12904 | Gauntlet | Noticed a frost giant
 12904 | Gauntlet | an azure jelly changed into a frost giant
 12910 | Gauntlet | Noticed a quicksilver dragon
 12910 | Gauntlet | a frost giant changed into a quicksilver dragon
 12916 | Gauntlet | Noticed a frost giant
 12916 | Gauntlet | a quicksilver dragon changed into a frost giant
 12994 | Gauntlet | Noticed a shadow dragon
 12997 | Gauntlet | Noticed a frost giant
 12997 | Gauntlet | a shadow dragon changed into a frost giant
 12998 | Gauntlet | Noticed an alligator snapping turtle
 12998 | Gauntlet | a frost giant changed into an alligator snapping turtle
 13000 | Gauntlet | Noticed a quicksilver dragon
 13000 | Gauntlet | an alligator snapping turtle changed into a quicksilver
                  | dragon
 13046 | Lair:1   | Reached skill level 5 in Fighting
 13079 | Lair:1   | Reached skill level 13 in Spellcasting
 13644 | Lair:2   | Noticed a six-headed hydra
 13648 | Lair:2   | Killed a six-headed hydra
 13942 | Lair:2   | Offered knowledge of Flame Wave by Vehumet.
 13948 | Lair:2   | Learned a level 4 spell: Flame Wave
 14075 | Lair:2   | Reached skill level 1 in Fire Magic
 14715 | Lair:3   | Found a dark tunnel.
 14728 | Volcano  | Entered a volcano
 15668 | Lair:3   | Reached XP level 13. HP: 74/74 MP: 17/32
 15958 | Lair:3   | Reached skill level 14 in Spellcasting
 16069 | Lair:3   | Found a hole to the Spider Nest.
 16581 | Lair:4   | Found a staircase to the Shoals.
 17852 | Lair:5   | Identified the +2 pair of gloves of Okeag {rPois Will+}
 18783 | Lair:6   | Entered Level 6 of the Lair of Beasts
 19026 | Lair:6   | Reached skill level 5 in Fire Magic
 19395 | Lair:6   | Reached ***** piety under Vehumet
 19395 | Lair:6   | Slain by a spriggan

Illustrated notes

Levels and vault maps discovered:
D:1:      dpeg_arrival_orchard, layout_rooms, serial_aquarium,
          aquarium_bridge_long_separate [aquarium_subvault_bridge,
          aquarium_subvault_window, aquarium_subvault_wall,
          aquarium_subvault_bridge, aquarium_subvault_wall,
          aquarium_subvault_bridge], aquarium_window_1, aquarium_window_2,
          aquarium_window_fake, aquarium_window_1, aquarium_view_2c,
          aquarium_view_2d, aquarium_pool_1, basic_ecumenical_altar,
          minmay_hexomino_p4
D:2:      layout_rooms, basic_altar, nicolae_elevator_lobby_plus
D:3:      layout_basic, uniq_jessica
D:4:      layout_cave_pods, minmay_temple_entry_arrows, gammafunk_ghost_cemetery
D:5:      layout_cave_pools
D:6:      layout_basic
D:7:      layout_basic, uniq_pikel, uniq_prince_ribbit1
D:8:      layout_loops_cross
D:9:      minmay_slanted_spiral_squares, layout_rooms, lemuel_tele_altar,
          david_lair_generic, st_stairs_2, dreamdust_deal_with_the_devil
D:10:     layout_gridville, biasface_ghost_orc_armoury, the_hattery
D:11:     layout_roguey, enter_trove_3
Temple:   kilobyte_greek_temple
Lair:1:   layout_cave_shapes, gauntlet_entry_generic, lemuel_fruit_fields,
          lemuel_fruit_fields, lemuel_fruit_tree, lemuel_fruit_fields
Lair:2:   layout_cellular_growth
Lair:3:   layout_roguey, hellmonk_spider_entry_not_the_bees,
          nicolae_volcano_entry_vermiform
Lair:4:   layout_cave_pods, minmay_shoals_entry_beasts
Lair:5:   dreamdust_cave_troll, layout_hall_layers
Lair:6:   minmay_lair_end_enchanted_forest, layout_regular_city,
          dpeg_slime_entry_corner, serial_bayou_shore_a

Skill      XL: |  1  2  3  4  5  6  7  8  9 10 11 12 13 |
---------------+----------------------------------------+-----
Dodging        | 3 4 5 6 7 9 10 11 12 13 | 13.4
Spellcasting   | 4 5 7 8 10 11 12 13 14 | 14.7
Earth Magic    | 4 5 6 7 8 9 10 11 12 | 12.6
Conjurations   | 1 2 3 4 6 7 8 10 11 12 | 12.0
Fighting       | 2 4 6 |  6.9
Fire Magic     | 3 5 |  5.2
Stealth        | |  2.4
Transmutations | |  1.1

Action                   |  1- 3 |  4- 6 |  7- 9 | 10-12 | 13-15 || total
-------------------------+-------+-------+-------+-------+-------++-------
Melee: Unarmed           |     2 |       |       |       |       ||     2
       Dagger            |       |       |       |    10 |       ||    10
 Cast: Sandblast         |    53 |    40 |       |       |       ||    93
       Stone Arrow       |       |    25 |   111 |   395 |   149 ||   680
       Flame Wave        |       |       |       |       |     6 ||     6
  Use: Scroll            |       |     5 |     1 |     5 |     3 ||    14
Armor: Leather armour    |     2 |       |     2 |    20 |    30 ||    54
       Robe              |       |     4 |       |       |       ||     4
Dodge: Dodged            |     5 |    11 |    23 |    60 |    52 ||   151
Block: Buckler           |       |       |       |    12 |    10 ||    22

Table legend: (Time is in decaauts)
 A = Elapsed time spent in this place.
 B = Non-inter-level travel time spent in this place.
 C = Inter-level travel time spent in this place.
 D = Time resting spent in this place.
 E = Time spent auto-exploring this place.
 F = Levels seen in this place.
 G = Mean time per level.
                   A        B        C        D        E       F      G
               +--------+--------+--------+--------+--------+-----+--------+
         Total |  19409 |  18524 |    885 |   1503 |  13602 |  20 |  970.5 |
       Dungeon |  12534 |  11783 |    751 |    914 |   8902 |  11 | 1139.5 |
        Temple |     77 |     77 |      0 |      0 |     43 |   1 |   77.0 |
          Lair |   5710 |   5576 |    134 |    404 |   4081 |   6 |  951.7 |
       Volcano |    815 |    815 |      0 |    185 |    420 |   1 |  815.0 |
      Gauntlet |    271 |    271 |      0 |      0 |    156 |   1 |  271.0 |
               +--------+--------+--------+--------+--------+-----+--------+

Top non-repeatable levels by time:
  Lair:5: 1796 daAuts
     D:9: 1694 daAuts
     D:4: 1653 daAuts
     D:7: 1540 daAuts
     D:8: 1233 daAuts
  Lair:4: 1183 daAuts
     D:3: 1093 daAuts
     D:6: 1034 daAuts
    D:10: 1029 daAuts
  Lair:2: 1024 daAuts
    D:11: 1011 daAuts
     D:1: 887 daAuts
  Lair:3: 886 daAuts
 Volcano: 815 daAuts
     D:5: 813 daAuts
